AoeStats
← nicorossel70

Arabia

506073161Analyzed
1v1 RM · 19d ago on Sep 12, 2026· 28m 44s· 2 players
Game mode
Random Map
Map size
Tiny (2 player)
Population
200
Speed
Normal
Resources
Standard
Victory
Conquest
Starting age
Dark Age
Ending age
Imperial Age
RankedLock teamsTeams togetherTeam positionsShared explorationLock speedFull tech treeHidden civsTurbo modeCheats
Victory
Defeat
🇮🇳 Magyars · India
1273
+14
🇨🇱 Spanish · Chile
1222
-14
nicorossel70
8:17 Loom
10:42 Feudal Age
12:28 Double-Bit Axe
16:42 Castle Age
22:49 Horse Collar
25:48 Bow Saw
Yodha
7:22 Loom
9:36 Feudal Age
10:43 Double-Bit Axe
11:02 Horse Collar
21:33 Castle Age
20:55 Bloodlines
21:57 Scale Barding Armor
21:49 Gold Mining
21:41 Light Cavalry
22:54 Husbandry
24:42 Chain Barding Armor
Connection lost

Rejoining the realm…

Still unreachable

The connection could not be restored.

Session expired

The server has moved on; the page needs a fresh start.